 Dungeon Crawl Stone Soup version 0.31.0-32-g396128a36d (webtiles) character file.

Game seed: 563668223979204644

679 Doomgape the Ruffian (level 7, -3/71 HPs)
             Began as a Troll Berserker on Mar 30, 2024.
             Was a Priest of Trog.
             Slain by an orc warrior
             ... wielding a +0 battleaxe
              (15 damage)
             ... on level 4 of the Dungeon.
             The game lasted 00:09:21 (3006 turns).

Doomgape the Ruffian (Troll Berserker)              Turns: 3006, Time: 00:09:22

Health: -3/71      AC:  5    Str: 34    XL:     7   Next: 34%
Magic:  6/6        EV: 10    Int:  3    God:    Trog [***...]
Gold:   167        SH:  0    Dex:  9    Spells: 6/6 levels left

rFire   . .          .
                       - Unarmed
rCold   . . .        (no shield)
rNeg    . . .        a - +1 animal skin
rPois   .            (helmet restricted)
rElec   .            (no cloak)
rCorr   .            (gloves unavailable)
SInv    .            (boots unavailable)
Will    +....        (no amulet)
Stlth   +            c - ring of willpower
HPRegen 1.11/turn    e - +6 ring of strength
MPRegen 0.10/turn

%: no passive effects
@: no status effects
A: large, unfitting armour, claws 3, regeneration 1, shaggy fur 1, tough skin 1
a: Renounce Religion, Berserk, Trog's Hand


You were on level 4 of the Dungeon.
You worshipped Trog.
Trog was most pleased with you.
You visited 1 branch of the dungeon, and saw 4 of its levels.
You also visited: Sewer.

You collected 167 gold pieces.

Inventory:

Armour
 a - a +1 animal skin (worn)
Jewellery
 c - a ring of willpower (left claw)
 e - a +6 ring of strength (right claw)
 q - a ring of fire
Wands
 l - a wand of acid (3)
 r - a wand of mindburst (4)
Scrolls
 g - 3 scrolls of teleportation
 h - 5 scrolls of fog {unknown}
 i - a scroll of revelation {unknown}
 j - a scroll of identify
 k - 4 scrolls of enchant armour
 n - a scroll of acquirement {unknown}
 o - a scroll of summoning {unknown}
 p - a scroll of brand weapon {unknown}
Potions
 b - 2 potions of might
 d - a potion of haste {unknown}
 f - 2 potions of attraction
 m - a potion of degeneration {unknown}


   Skills:
 + Level 4.6 Fighting
 + Level 4.5 Dodging
 + Level 5.4 Unarmed Combat


You had 6 spell levels left.
You didn't know any spells.
Your spell library was empty.

Dungeon Overview and Level Annotations

Branches:
Dungeon (4/15)              Sewer (visited)
 Temple: D:4-7

Altars:
Gozag
Sif Muna


Innate Abilities, Weirdness & Mutations

You are too large for most types of armour.
You have claws for hands.
Your natural rate of healing is unusually fast.
You are covered in fur. (AC +1)
You have tough skin. (AC +1)


Message History

The orc warrior hits you with a +0 battleaxe!!
The quokka bites you but does no damage.
Unknown command.
You barely miss the orc warrior.
The orc warrior is moderately wounded.
The quokka closely misses you.
You closely miss the orc warrior.
The orc warrior is moderately wounded.
The orc warrior barely misses you. The orc hits you with a +0 whip.
The quokka bites you.
Unknown command.
You closely miss the orc warrior.
The orc warrior is moderately wounded.
The orc warrior hits you with a +0 battleaxe.
The orc hits you but does no damage. The quokka bites you.
Unknown command.
You scratch the orc warrior.
The orc warrior is heavily wounded.
The orc warrior barely misses you. The orc closely misses you.
The quokka closely misses you.
The orc warrior attacks as it pursues you!
The orc warrior barely misses you. The quokka attacks as it pursues you!
The quokka closely misses you. The quokka bites you.
The quokka bites you but does no damage.
You see here 16 gold pieces.
Unknown command.
You scratch the orc warrior.
The orc warrior is severely wounded.
The orc warrior hits you with a +0 battleaxe.
The quokka completely misses you.
Unknown command.
The orc warrior attacks as it pursues you!
The orc warrior hits you with a +0 battleaxe!
* * * LOW HITPOINT WARNING * * *
Unknown command.
You closely miss the orc warrior.
The orc warrior is severely wounded.
The orc warrior hits you with a +0 battleaxe!
You die...

... #.# #.# #. #.#
##... #.####...... #
#####...........
#.#....<..).......
#.#.##.o.###......
#######......#ro@..##..
......###.##...###..#
#####.###.###.## ...#
#####.........# ....
.....†###.##### ###
#####.....# #######


You could see an orc warrior, an orc and a quokka.

Vanquished Creatures
  Sigmund (D:3)
  2 brain worms (Sewer)
  2 bombardier beetles (D:3)
  Crazy Yiuf (D:2)
  An orc priest (D:4)
  Natasha (D:4)
  Robin (D:3)
  13 adders
  A river rat (D:3)
  2 ufetubi (D:3)
  2 dart slugs (D:2)
  6 orcs
  7 bats
  6 endoplasms
  3 giant cockroaches
  12 goblins
  2 hobgoblins
  A jackal (D:2)
  5 quokkas
  11 ball pythons
  6 frilled lizards
  9 kobolds
  7 rats
102 creatures vanquished.

Vanquished Creatures (others)
  3 demonspawn (D:1)
  A vine stalker (D:1)
  A formicid (D:1)
  A naga (D:1)
  A felid (D:1)
  A barachi (D:1)
  A gnoll (D:1)
  An orc (D:1)
  2 kobolds (D:1)
  9 tentacles (D:1)
21 creatures vanquished.

Grand Total: 123 creatures vanquished

Notes
Turn   | Place    | Note
-------+----------+-------------------------------------------
     0 | D:1      | Doomgape the Troll Berserker began the quest for the Orb.
     0 | D:1      | Reached XP level 1. HP: 22/22 MP: 0/0
     0 | D:1      | Noticed a formicid
     0 | D:1      | Noticed a demonspawn
     0 | D:1      | Noticed a barachi
     0 | D:1      | Noticed a demonspawn
     0 | D:1      | Noticed a naga
     0 | D:1      | Noticed a kraken
     0 | D:1      | Noticed a felid
     0 | D:1      | Noticed a demonspawn
     0 | D:1      | Noticed a vine stalker
     3 | D:1      | Killed a felid
     3 | D:1      | Killed a formicid
     7 | D:1      | Killed a demonspawn
    13 | D:1      | Killed a demonspawn
    14 | D:1      | Killed a demonspawn
    15 | D:1      | Killed a barachi
    16 | D:1      | Killed a vine stalker
    16 | D:1      | Killed a naga
   104 | D:1      | Found a faded altar of an unknown god.
   273 | D:1      | Reached XP level 2. HP: 27/29 MP: 1/1
   794 | D:2      | Found a runed translucent door.
   795 | D:2      | Noticed Crazy Yiuf
   800 | D:2      | Killed Crazy Yiuf
   801 | D:2      | Reached XP level 3. HP: 37/37 MP: 2/2
  1211 | D:2      | Reached XP level 4. HP: 45/45 MP: 3/3
  1265 | D:2      | Reached ** piety under Trog
  1781 | D:3      | Reached skill level 4 in Unarmed Combat
  1803 | D:3      | Noticed Sigmund
  1812 | D:3      | Killed Sigmund
  1813 | D:3      | Reached XP level 5. HP: 51/54 MP: 4/4
  1813 | D:3      | Reached XP level 6. HP: 59/62 MP: 5/5
  1938 | D:3      | Identified the +0 helmet of Wavasm Jiynn {Fly Will+ Int+3
                  | SInv}
  1938 | D:3      | Noticed Robin
  1956 | D:3      | Killed Robin
  2063 | D:3      | Found a glowing drain.
  2161 | D:3      | Found a shimmering blue altar of Sif Muna.
  2356 | Sewer    | Entered a sewer
  2424 | Sewer    | Reached skill level 5 in Unarmed Combat
  2534 | Sewer    | Reached XP level 7. HP: 67/71 MP: 4/6
  2560 | Sewer    | Reached *** piety under Trog
  2866 | D:4      | Found an opulent altar of Gozag.
  2968 | D:4      | Noticed Natasha
  2972 | D:4      | Killed Natasha
  3006 | D:4      | Slain by an orc warrior

Illustrated notes

Levels and vault maps discovered:
D:1:      nicolae_arrival_kraken_aquarium_a, layout_basic,
          ebering_ecumenical_altar_abandoned, minmay_cupped
D:2:      kennysheep_big_flooded_room, layout_basic, uniq_crazy_yiuf_cottage
D:3:      layout_rooms, nicolae_overflow_hidden_temple, portal_sewer_entry_a,
          minmay_checkerbox, uniq_robin, uniq_sigmund
D:4:      minmay_spotlight, layout_loops_ring, nicolae_gozag_seed_capital,
          general_overflow_altar, minmay_misc_feat_iff, minmay_quantized,
          uniq_natasha

Skill      XL: |  1  2  3  4  5  6 |
---------------+-------------------+-----
Fighting       | 3 4 |  4.6
Dodging        | 3 4 |  4.5
Unarmed Combat | 4 5 |  5.4

Action                     |  1- 3 |  4- 6 |  7- 9 || total
---------------------------+-------+-------+-------++-------
  Melee: Unarmed           |    60 |   139 |    40 ||   239
         Punch             |     2 |     4 |     2 ||     8
    Use: Scroll            |     1 |     5 |       ||     6
   Stab: Sleeping          |     1 |     1 |     1 ||     3
 Armour: Animal skin       |    30 |    86 |    37 ||   153
  Dodge: Dodged            |    30 |    73 |    33 ||   136
